 Dungeon Crawl Stone Soup version 0.21.1-1-g345015fe64 (webtiles) character file.

144890 RepoMan the Black Belt (level 16, -13/139 HPs)
             Began as a Green Draconian Transmuter on July 7, 2018.
             Was the Champion of Wu Jian.
             Mangled by a white very ugly thing (48 damage)
             ... on level 1 of the Depths on July 9, 2018.
             The game lasted 05:23:32 (35825 turns).

RepoMan the Black Belt (DrTm)                      Turns: 35825, Time: 05:23:32

Health: -13/139    AC: 13    Str: 20    XL:     16   Next: 86%
Magic:  25/30      EV: 32    Int: 14    God:    Wu Jian [******]
Gold:   2209       SH:  0    Dex: 21    Spells: 7/35 levels left

rFire    . . .     SeeInvis .     - Unarmed
rCold    . . .     Gourm    .   (shield currently unavailable)
rNeg     + . .     Faith    .   (armour unavailable)
rPois    +         Spirit   .   (helmet restricted)
rElec    .         Reflect  .   n - +0 cloak {MR+}
rCorr    .         Harm     .   (gloves currently unavailable)
MR       ++...                  v - +2 pair of boots
Stlth    +.........             x - amulet of regeneration
HPRegen  0.73/turn              P - ring of positive energy
MPRegen  0.22/turn              I - +4 ring of evasion

@: mighty, agile, blade hands, very slightly contaminated, glowing, heavenly
storm
A: breathe noxious fumes, unfitting armour, stinger 1, poison resistance,
cold-blooded, AC +9
a: Breathe Noxious Fumes, End Transformation, Wall Jump, Serpent's Lash,
Heavenly Storm, Renounce Religion


You were on level 1 of the Depths.
You worshipped Wu Jian.
Wu Jian was exalted by your worship.
You were not hungry.
You had blades for hands.
You visited 7 branches of the dungeon, and saw 29 of its levels.
You visited the Abyss 1 time.
You also visited: Bailey and Ice Cave.

You collected 3646 gold pieces.
You spent 1437 gold pieces at shops.

Inventory:

Missiles
 a - 402 arrows
 K - 6 throwing nets (quivered)
Armour
 n - a +0 cloak of magic resistance (worn)
 v - a +2 pair of boots (worn)
 A - a +0 pair of gloves of strength (melded)
Jewellery
 x - an amulet of regeneration (around neck)
 C - an uncursed ring of protection from fire
 E - an uncursed ring of flight
 I - a +4 ring of evasion (right scythe-like blade)
 P - a ring of positive energy (left scythe-like blade)
Wands
 d - a wand of polymorph (47)
 o - a wand of disintegration (21)
 y - a wand of enslavement (20)
 B - a wand of iceblast (16)
 D - a wand of acid (7)
 M - a wand of paralysis (29)
Scrolls
 e - 5 scrolls of remove curse
 i - 7 scrolls of identify
 k - 2 scrolls of fog
 r - 5 scrolls of magic mapping
 z - 2 scrolls of immolation
 H - 2 scrolls of teleportation
Potions
 f - a potion of berserk rage
 g - 7 potions of might
 h - 2 potions of magic
 j - 3 potions of agility
 p - a potion of cancellation
 s - 3 potions of flight
 w - 2 potions of resistance
 G - a potion of brilliance
 L - 8 potions of curing
Books
 W - the Incunabulum of Self-Improvement
   (You found it on level 10 of the Dungeon)

   Spells                             Type                      Level
   a - Swiftness                      Charms/Air                   2
   b - Song of Slaying                Charms                       2
   c - Regeneration                   Charms/Necromancy            3
   d - Excruciating Wounds            Charms/Necromancy            5
   e - Deflect Missiles               Charms/Air                   6
Comestibles
 b - 2 chunks of flesh
 c - 26 rations


   Skills:
 - Level 12.0 Fighting
 - Level 12.4 Dodging
 - Level 15.1 Unarmed Combat
 + Level 10.3 Spellcasting
 * Level 6.9 Charms
 - Level 2.2 Translocations
 - Level 15.0 Transmutations
 + Level 4.3 Air Magic
 - Level 2.5 Poison Magic


You had 7 spell levels left.
You knew the following spells:

 Your Spells              Type           Power        Failure   Level  Hunger
a - Beastly Appendage     Tmut           #####.       4%          1    None
c - Spider Form           Tmut/Pois      ####......   14%         3    #......
g - Apportation           Tloc           ##....       30%         1    None
h - Blade Hands           Tmut           #####.....   12%         5    #####..
i - Ice Form              Ice/Tmut       ####....     32%         4    ###....
m - Mephitic Cloud        Conj/Pois/Air  ##......     50%         3    #......
o - Alistair's Intoxicat  Tmut/Pois      ####....     41%         5    #####..
r - Regeneration          Chrm/Necr      ###.......   38%         3    #......
t - Confusing Touch       Hex            #.....       45%         1    None
v - Sticks to Snakes      Tmut           #####...     4%          2    None


Dungeon Overview and Level Annotations

Branches:
Dungeon (15/15)            Temple (1/1) D:6            Lair (6/6) D:11
 Shoals (0/4) Lair:4       Spider (3/4) Lair:3        Slime (0/5) Lair:6
    Orc (2/2) D:9             Elf (1/3) Orc:2        Vaults (0/5) D:14
 Depths (1/5) D:15

Altars:
Ashenzari
Cheibriados
Dithmenos
Elyvilon
Fedhas
Gozag
Hepliaklqana
Kikubaaqudgha
Makhleb
Nemelex Xobeh
Okawaru
Qazlal
Ru
Sif Muna
Trog
Uskayaw
Vehumet
Wu Jian
Xom
Yredelemnul
Zin
The Shining One
Beogh
Jiyva

Shops:
D:15 *   Orc:1 [   Orc:2 *!=[


Innate Abilities, Weirdness & Mutations

You can breathe blasts of noxious fumes.
Your lurid green scales are hard. (AC +9)
You cannot fit into any form of body armour.
Your tail ends in a poisonous barb.
Your system is resistant to poisons. (rPois)
You are cold-blooded and may be slowed by cold attacks.


Message History

A yaktaur comes into view.
The white very ugly thing completely misses you.
Unknown command.
Unknown command.
You spin and attack the white very ugly thing repeatedly.
You slash the white very ugly thing!
The white very ugly thing is moderately wounded.
You slice the white very ugly thing!!
The white very ugly thing is severely wounded.
You spin and attack the yaktaur repeatedly.
You slice the yaktaur!!
The yaktaur is severely wounded.
You slash the yaktaur!
You kill the yaktaur!
The Council accepts your kill.
A yaktaur comes into view.
The white very ugly thing engulfs you!!
* * * LOW HITPOINT WARNING * * *
The white very ugly thing freezes you!!!
You die...

................
.................
.................
..................#.
..............#....
#...§§§§§§#.......
..##..§§§§§§§........
....§§§§§@§§......#
#§§§Ou§§§......##
#§§§u#§§§........
##§u§u§.).?c.....
#..§§§§§c).##.c...#
#.........y<........
.................##..
..............##.....
................ ...


You could see a white very ugly thing (pinned), a white ugly thing and a
two-headed ogre.

Vanquished Creatures
  A bone dragon (Abyss:3)
  Kirke (D:13)
  The ghost of zuik the Phalangite, an adept MfBe of Trog (Spider:1)
  A deep elf sorcerer (Elf:1)
  A frost giant (IceCv)
  A ghost moth (Spider:2)
  The ghost of lis82 the Unseen, an adept GrEn of Dithmenos (Spider:1)
  2 emperor scorpions
  The ghost of nawrastar the Fighter, a journeyman DsAK of Lugonu (Lair:6)
  A very ugly thing (Depths:1)
  2 entropy weavers (Spider:3)
  The ghost of Holzbalken the Eclecticist, a journeyman DEAE of Sif Muna (Elf:1)
  A spark wasp (Spider:2)
  Fannar (Lair:1)
  Erolcha (D:11)
  A yaktaur captain (D:15)
  A hydra (D:15)
  A rakshasa (D:14)
  Harold (Lair:2)
  10 centaur warriors
  10 two-headed ogres
  A catoblepas (D:15)
  4 dancing weapons
  An ogre mage (Depths:1)
  A tengu warrior (D:14)
  5 orc high priests (Orc:2)
  2 thrashing horrors (Abyss:3)
  2 deep elf knights (Elf:1)
  Nergalle (D:11)
  A sixfirhy (Abyss:3)
  5 unseen horrors
  A flayed ghost (D:15)
  8 orc knights
  A deep elf archer (Elf:1)
  8 deep elf magi
  An orc sorcerer (Orc:1)
  9 orb spiders
  A wolf spider zombie (D:14)
  6 ugly things
  14 wolf spiders
  2 moths of wrath
  2 manticores
  Maurice (Orc:2)
  A cyclops (D:14)
  Joseph (D:7)
  2 ice statues (IceCv)
  5 black mambas
  A torpor snail (Spider:1)
  8 spiny frogs
  Psyche (D:10)
  6 komodo dragons
  3 yaktaurs
  9 demonic crawlers
  A freezing wraith (D:15)
  A tormentor (Abyss:3)
  2 efreet
  2 ancient zymes (Abyss:3)
  3 tengu conjurers (D:14)
  23 jumping spiders
  7 trolls
  Grinder (D:4)
  5 hornets
  21 polar bears
  Prince Ribbit (Lair:2)
  19 blink frogs
  4 large abominations (Abyss:3)
  10 hippogriffs
  2 slime creatures
  A dream sheep (Lair:6)
  A wandering mushroom (Lair:4)
  A flying skull (Abyss:3)
  48 redbacks
  2 centaur simulacra (D:15)
  11 spriggans (Lair:6)
  A shadow (D:13)
  13 tarantellas
  5 wraiths
  3 wyverns
  A vampire (D:11)
  3 ynoxinuls (Abyss:3)
  18 humans
  2 fire elementals (Elf:1)
  30 yaks
  3 basilisks
  2 hogs (D:13)
  2 hungry ghosts
  A steam dragon (D:8)
  A warg (Orc:1)
  13 water moccasins
  2 acid dragons
  A soldier ant (D:11)
  5 porcupines
  2 hell hounds (Abyss:3)
  3 sky beasts
  11 ice beasts
  31 orc warriors
  2 black bears
  12 ogres
  5 boggarts (Lair:6)
  3 phantoms
  14 crocodiles
  41 wolves
  16 centaurs
  7 big kobolds
  Blork the orc (D:4)
  21 bullfrogs
  2 earth elementals
  A gnoll sergeant (D:9)
  A wyvern skeleton (D:12)
  3 scorpions
  2 small abominations (Abyss:3)
  17 killer bees
  5 wights (D:10)
  A howler monkey (D:5)
  2 electric eels (Lair:5)
  6 crimson imps
  3 centaur zombies
  A bullfrog zombie (D:7)
  7 hounds
  6 jellies
  3 centaur skeletons
  27 orc priests
  4 bullfrog skeletons
  An iron imp (D:6)
  5 iguanas
  12 orc wizards
  8 worker ants
  Terence (D:3)
  A killer bee zombie (D:10)
  A hound zombie (D:8)
  A hound skeleton (D:4)
  A worker ant zombie (D:6)
  Robin (D:3)
  13 gnolls
  A howler monkey skeleton (D:5)
  7 adders
  9 shadow imps
  2 oozes
  An adder zombie (D:7)
  2 adder skeletons
  2 worms
  A dart slug (D:3)
  4 leopard geckos
  73 orcs
  3 bats
  3 giant cockroaches
  17 goblins
  10 hobgoblins
  25 kobolds
  A quokka (D:11)
  4 frilled lizards
  A quokka skeleton (D:8)
  A quokka zombie (D:6)
  9 rats
  A butterfly (D:7)
909 creatures vanquished.

Vanquished Creatures (collateral kills)
  An emperor scorpion (Spider:2)
  A dancing weapon (Orc:2)
  A deep elf archer (Elf:1)
  An orc knight (Bailey)
  2 wolf spiders (Spider:2)
  An orb spider (Spider:2)
  3 deep elf magi (Elf:1)
  2 demonic crawlers
  A hornet (Spider:2)
  5 redbacks
  2 tarantellas
  A large abomination (Abyss:3)
  2 orc warriors (Bailey)
  A killer bee (D:8)
  3 gnolls
  3 adders
  2 goblins
  A quokka (D:2)
  8 kobolds (Bailey)
41 creatures vanquished.

Vanquished Creatures (others)
  A deep elf demonologist (Elf:1)
  A tarantella (Spider:2)
  2 redbacks (Spider:3)
  A centaur (D:11)
  A fungus (Lair:3)
  2 plants
8 creatures vanquished.

Grand Total: 958 creatures vanquished

Notes
Turn   | Place    | Note
-------+----------+-------------------------------------------
     0 | D:1      | RepoMan the Draconian Transmuter began the quest for the Orb.
     0 | D:1      | Reached XP level 1. HP: 16/16 MP: 3/3
   192 | D:2      | Reached XP level 2. HP: 6/23 MP: 5/5
   369 | D:2      | Learned a level 2 spell: Sticks to Snakes
   666 | D:1      | Reached XP level 3. HP: 21/28 MP: 4/6
   742 | D:2      | Learned a level 3 spell: Spider Form
  1734 | D:2      | Reached XP level 4. HP: 36/36 MP: 5/7
  1750 | D:2      | Found a faded altar of an unknown god.
  2634 | D:3      | Noticed Robin
  2744 | D:3      | Noticed Terence
  2849 | D:3      | Killed Terence
  2849 | D:3      | Reached XP level 5. HP: 28/41 MP: 4/9
  2992 | D:3      | Killed Robin
  3123 | D:3      | Found a radiant altar of Vehumet.
  3130 | D:3      | Found an ornate altar of the Wu Jian Council.
  3143 | D:3      | Became a worshipper of the Wu Jian Council
  3379 | D:4      | Found a bloodstained altar of Trog.
  3606 | D:4      | Noticed Blork the orc
  3608 | D:4      | Killed Blork the orc
  3608 | D:4      | Reached XP level 6. HP: 50/50 MP: 10/10
  3724 | D:4      | Noticed Grinder
  3733 | D:4      | Killed Grinder
  3733 | D:4      | Reached skill level 5 in Unarmed Combat
  3733 | D:4      | Your scales start taking on a lurid green colour.
  3733 | D:4      | Reached XP level 7. HP: 57/57 MP: 7/12
  3733 | D:4      | Gained mutation: Your system is resistant to poisons. (rPois) [Green Draconian growth]
  3921 | D:5      | Entered Level 5 of the Dungeon
  3948 | D:5      | Found an opulent altar of Gozag.
  3989 | D:5      | Found a sparkling altar of Nemelex Xobeh.
  4169 | D:5      | Reached skill level 5 in Transmutations
  4393 | D:5      | Reached * piety under Wu Jian
  4463 | D:5      | Reached skill level 1 in Poison Magic
  4948 | D:6      | Reached XP level 8. HP: 39/66 MP: 13/13
  5222 | D:6      | Found a staircase to the Ecumenical Temple.
  5228 | Temple   | Entered the Ecumenical Temple
  5551 | D:6      | Found a stormy altar of Qazlal.
  5906 | D:7      | Noticed a hippogriff
  5923 | D:7      | Killed a hippogriff
  6307 | D:7      | Got a bone dagger
  6324 | D:7      | Found a hide-covered altar of Uskayaw.
  6336 | D:7      | Reached skill level 5 in Fighting
  6336 | D:7      | Reached XP level 9. HP: 63/74 MP: 11/15
  6618 | D:7      | Learned a level 1 spell: Confusing Touch
  6620 | D:7      | Learned a level 1 spell: Apportation
  6690 | D:7      | Noticed Joseph
  6711 | D:7      | Killed Joseph
  6765 | D:7      | Reached ** piety under Wu Jian
  6862 | D:7      | Found an iron altar of Okawaru.
  6883 | D:7      | Reached skill level 5 in Spellcasting
  7010 | D:7      | Found a sacrificial altar of Ru.
  7010 | D:7      | Found an iron altar of Okawaru.
  7474 | D:8      | Found a burning altar of Makhleb.
  7479 | D:8      | Noticed a blizzard demon
  7486 | D:8      | Found a glowing silver altar of Zin.
  7487 | D:8      | Noticed an angel
  7895 | D:8      | Learned a level 5 spell: Blade Hands
  8018 | D:8      | Reached XP level 10. HP: 79/83 MP: 15/18
  8020 | D:8      | Found a shattered altar of Ashenzari.
  8113 | D:8      | Found a glowing golden altar of the Shining One.
  8433 | D:8      | Reached *** piety under Wu Jian
  8562 | D:9      | Found a bloodstained altar of Trog.
  8766 | D:9      | Noticed a two-headed ogre
  8788 | D:9      | Killed a two-headed ogre
  9028 | D:9      | Noticed a centaur warrior
  9046 | D:9      | Killed a centaur warrior
  9046 | D:9      | Reached skill level 5 in Dodging
  9353 | D:9      | Found a staircase to the Orcish Mines.
  9867 | D:10     | Entered Level 10 of the Dungeon
 10064 | D:10     | Found a flagged portal.
 10243 | D:10     | Killed an unseen horror
 10427 | D:10     | Reached XP level 11. HP: 63/92 MP: 16/20
 10483 | D:10     | Reached **** piety under Wu Jian
 10527 | Bailey   | Entered a bailey
 10575 | Bailey   | Noticed an orc knight
 10591 | Bailey   | Noticed an orc knight
 10645 | Bailey   | Killed an orc knight
 10768 | Bailey   | Noticed an orc knight
 10976 | Bailey   | Got an encrusted dagger {antimagic}
 10998 | Bailey   | Killed an orc knight
 11134 | Bailey   | Killed an orc knight
 11134 | Bailey   | Reached skill level 10 in Unarmed Combat
 11134 | Bailey   | Reached skill level 1 in Translocations
 11382 | Bailey   | Learned a level 4 spell: Ice Form
 11590 | D:10     | Noticed Psyche
 11611 | D:10     | Killed Psyche
 11637 | D:10     | Noticed a two-headed ogre
 11663 | D:10     | Killed an unseen horror
 11663 | D:10     | Reached skill level 10 in Transmutations
 11671 | D:10     | Killed a two-headed ogre
 12041 | D:10     | Noticed a centaur warrior
 12049 | D:10     | Killed a centaur warrior
 12112 | D:10     | Noticed an orc knight
 12214 | D:10     | Noticed a purple ugly thing
 12220 | D:10     | Killed a purple ugly thing
 12242 | D:10     | Noticed a two-headed ogre
 12247 | D:10     | Killed a two-headed ogre
 12354 | D:10     | Identified the Incunabulum of Self-Improvement
 12365 | D:10     | Killed an orc knight
 12637 | D:10     | Noticed a six-headed hydra
 13174 | D:11     | Noticed Erolcha
 13175 | D:11     | Paralysed by Erolcha for 4 turns
 13184 | D:11     | Killed Erolcha
 13279 | D:11     | Noticed a two-headed ogre
 13285 | D:11     | Killed a two-headed ogre
 13285 | D:11     | Reached XP level 12. HP: 102/102 MP: 16/22
 13420 | D:11     | Reached ***** piety under Wu Jian
 14209 | D:11     | Found a staircase to the Lair.
 14366 | D:11     | Noticed Nergalle
 14378 | D:11     | Killed Nergalle
 14492 | Lair:1   | Entered Level 1 of the Lair of Beasts
 15709 | Lair:1   | Noticed Fannar
 15722 | Lair:1   | Killed Fannar
 15989 | Lair:2   | Noticed Harold
 15998 | Lair:2   | Killed Harold
 16893 | Lair:2   | Noticed Prince Ribbit
 16904 | Lair:2   | Killed Prince Ribbit
 17170 | Lair:2   | Learned a level 3 spell: Regeneration
 17262 | Lair:3   | Found a hole to the Spider Nest.
 17547 | Lair:3   | Reached XP level 13. HP: 100/111 MP: 24/24
 17837 | Lair:4   | Reached skill level 1 in Charms
 18125 | Lair:4   | Found a staircase to the Shoals.
 18447 | Lair:4   | Found a shadowy altar of Dithmenos.
 18855 | Lair:5   | Reached ****** piety under Wu Jian
 19664 | Lair:6   | Entered Level 6 of the Lair of Beasts
 19676 | Lair:6   | Noticed nawrastar's ghost (journeyman DsAK)
 19687 | Lair:6   | Killed nawrastar's ghost
 19929 | Lair:6   | Found a staircase to the Slime Pits.
 19930 | Lair:6   | Found a viscous altar of Jiyva.
 21604 | Lair:2   | Learned a level 5 spell: Alistair's Intoxication
 21608 | Lair:2   | Learned a level 3 spell: Mephitic Cloud
 21796 | Orc:1    | Entered Level 1 of the Orcish Mines
 21796 | Orc:1    | Found Jiweis's Armour Shop.
 21800 | Orc:1    | Reached skill level 10 in Fighting
 21828 | Orc:1    | Bought a +0 cloak of magic resistance for 172 gold pieces
 21828 | Orc:1    | Bought a +2 pair of boots for 247 gold pieces
 22286 | Orc:2    | Entered Level 2 of the Orcish Mines
 22324 | Orc:2    | Found Killiug's Assorted Antiques.
 22334 | Orc:2    | Bought a scroll of identify for 76 gold pieces
 22476 | Orc:2    | Found a staircase to the Elven Halls.
 22571 | Orc:2    | Found a roughly hewn altar of Beogh.
 22574 | Orc:2    | Gained mutation: Your tail ends in a poisonous barb. [Green Draconian growth]
 22574 | Orc:2    | Reached XP level 14. HP: 121/121 MP: 20/26
 22666 | Orc:2    | Noticed Maurice
 22691 | Orc:2    | Killed Maurice
 22855 | Orc:2    | Found Cuneaj's Antique Armour Shop.
 22855 | Orc:2    | Found Ufoll's Jewellery Boutique.
 22859 | Orc:2    | Found Tekkil's Antique Weapon Boutique.
 23468 | Orc:2    | Found Dackace's Distillery.
 23475 | Orc:2    | Reached skill level 10 in Dodging
 23491 | Orc:2    | Bought a pair of embroidered gloves for 172 gold pieces
 23498 | Orc:2    | Bought a potion of heal wounds for 55 gold pieces
 23498 | Orc:2    | Bought a potion of brilliance for 44 gold pieces
 23498 | Orc:2    | Bought a potion of curing for 33 gold pieces
 23498 | Orc:2    | Bought a potion of curing for 33 gold pieces
 23498 | Orc:2    | Bought a potion of curing for 33 gold pieces
 23498 | Orc:2    | Bought a potion of mutation for 88 gold pieces
 23498 | Orc:2    | Bought a potion of might for 44 gold pieces
 23498 | Orc:2    | Bought a potion of might for 44 gold pieces
 24741 | D:12     | Found a hide-covered altar of Uskayaw.
 25034 | D:13     | Noticed Kirke
 25043 | D:13     | Killed Kirke
 25671 | D:14     | Found a gate to the Vaults.
 26522 | D:14     | Reached XP level 15. HP: 115/128 MP: 22/28
 26712 | D:15     | Entered Level 15 of the Dungeon
 26779 | D:15     | Found a frozen archway.
 26857 | IceCv    | Entered an ice cave
 27251 | IceCv    | Noticed a frost giant
 27278 | IceCv    | Killed a frost giant
 27337 | IceCv    | Reached skill level 5 in Charms
 28168 | D:15     | Found the +9 scales of the Dragon King {rPois rF+ rC+ MR+}
 28800 | D:15     | Found a staircase to the Depths.
 29242 | D:15     | Found Favvexawoi's General Store.
 29257 | D:15     | Bought a scroll of identify for 36 gold pieces
 29257 | D:15     | Bought a potion of resistance for 180 gold pieces
 29257 | D:15     | Bought a potion of mutation for 144 gold pieces
 29257 | D:15     | Bought a scroll of identify for 36 gold pieces
 29645 | Spider:1 | Entered Level 1 of the Spider Nest
 29969 | Spider:1 | Noticed zuik's ghost (adept MfBe)
 29987 | Spider:1 | Killed zuik's ghost
 30003 | Spider:1 | Reached skill level 1 in Air Magic
 30059 | Spider:1 | Noticed lis82's ghost (adept GrEn)
 30123 | Spider:1 | Killed lis82's ghost
 32124 | Spider:2 | Reached XP level 16. HP: 138/138 MP: 25/29
 32654 | Spider:2 | Got an iridescent glaive
 33507 | Spider:3 | Reached skill level 10 in Spellcasting
 34197 | Elf:1    | Entered Level 1 of the Elven Halls
 34197 | Elf:1    | Noticed Holzbalken's ghost (journeyman DEAE)
 34214 | Elf:1    | HP: 4/139 [glaive of freezing (3)]
 34544 | Elf:1    | Killed Holzbalken's ghost
 34705 | Elf:1    | Reached skill level 15 in Unarmed Combat
 34876 | Elf:1    | Cast into level 3 of the Abyss (a deep elf sorcerer)
 34876 | Abyss:3  | Found a hazy altar of Hepliaklqana.
 35003 | Abyss:3  | Noticed a bone dragon
 35037 | Abyss:3  | Found a hazy altar of Hepliaklqana.
 35050 | Abyss:3  | Killed a bone dragon
 35095 | Abyss:3  | Reached skill level 15 in Transmutations
 35137 | Abyss:3  | Found a hazy altar of Hepliaklqana.
 35217 | Abyss:3  | Noticed a bone dragon
 35240 | Elf:1    | Escaped the Abyss
 35754 | Depths:1 | Entered Level 1 of the Depths
 35825 | Depths:1 | Mangled by a white very ugly thing

Skill      XL: |  1  2  3  4  5  6  7  8  9 10 11 12 13 14 15 16 |
---------------+-------------------------------------------------+-----
Transmutations | 3 4 5 6 8 9 10 11 12 13 14 15 | 15.0
Fighting       | 2 3 4 5 6 7 8 9 10 11 12 | 12.0
Unarmed Combat | 4 5 6 7 8 9 10 11 12 13 14 15 | 15.1
Spellcasting   | 3 4 5 6 7 8 9 10 | 10.3
Dodging        | 2 3 4 5 6 8 9 10 11 12 | 12.4
Poison Magic   | 1 2 |  2.5
Translocations | 2 |  2.2
Charms         | 3 4 5 6 |  6.9
Air Magic      | 2 4 |  4.3

Action                   |  1- 3 |  4- 6 |  7- 9 | 10-12 | 13-15 | 16-18 || total
-------------------------+-------+-------+-------+-------+-------+-------++-------
Melee: Unarmed           |   118 |   107 |   337 |   605 |  1620 |   507 ||  3294
       Headbutt          |     5 |     1 |    16 |    23 |    82 |    78 ||   205
       Tailslap          |     7 |     9 |    27 |    83 |   244 |    84 ||   454
       Kick              |     5 |    10 |    37 |    47 |    20 |       ||   119
       Punch             |     2 |     1 |    10 |    28 |   100 |    48 ||   189
Throw: Throwing net      |       |       |       |       |     2 |       ||     2
 Cast: Beastly Appendage |    15 |    19 |    22 |    32 |    37 |    23 ||   148
       Sticks to Snakes  |     5 |    10 |       |    40 |    72 |    61 ||   188
       Spider Form       |     1 |     5 |    14 |     7 |       |       ||    27
       Confusing Touch   |       |       |     1 |    37 |    63 |    38 ||   139
       Blade Hands       |       |       |       |    26 |    68 |    13 ||   107
       Apportation       |       |       |       |     3 |    10 |     6 ||    19
       Ice Form          |       |       |       |     4 |     8 |       ||    12
       Regeneration      |       |       |       |       |    45 |    13 ||    58
       Mephitic Cloud    |       |       |       |       |    19 |    14 ||    33
       Alistair's Intoxi |       |       |       |       |     1 |     2 ||     3
Invok: Lunge             |       |     3 |    32 |   115 |   210 |    47 ||   407
       Whirlwind         |       |       |    14 |   160 |   634 |   249 ||  1057
       Wall Jump         |       |       |     2 |    11 |    35 |     6 ||    54
       Serpent's Lash    |       |       |       |       |     7 |     3 ||    10
       Heavenly Storm    |       |       |       |       |     1 |     1 ||     2
 Abil: Breathe Noxious F |       |       |    28 |    45 |    44 |    20 ||   137
       End Transformatio |       |       |     1 |     2 |     6 |     2 ||    11
Evoke: Wand              |       |     9 |    26 |    10 |     7 |       ||    52
  Use: Potion            |     1 |     1 |       |     3 |     7 |    16 ||    28
       Scroll            |       |       |     5 |     9 |    32 |     5 ||    51
 Stab: Sleeping          |       |     1 |       |     1 |     5 |       ||     7
       Confused          |       |       |    19 |    79 |    96 |    50 ||   244
       Paralysed         |       |       |       |       |     2 |       ||     2
       Distracted        |       |       |       |       |     2 |     3 ||     5
       Petrifying        |       |       |       |       |     2 |       ||     2
       Petrified         |       |       |       |       |     1 |       ||     1
  Eat: Chunk             |     3 |     5 |    13 |    21 |    73 |     4 ||   119
       Ration            |       |     1 |     3 |     8 |     4 |     4 ||    20
Armor: Skin              |    23 |    16 |    43 |    66 |   202 |    57 ||   407
Dodge: Dodged            |    71 |    49 |   200 |   350 |   987 |   314 ||  1971
